 Dungeon Crawl Stone Soup version 0.28-a0-1389-gc726bef33b (webtiles) character file.

Game seed: 7430675499730967855

274 Lekart the Chopper (level 6, -7/53 HPs)
             Began as a Draconian Chaos Knight on Dec 31, 2021.
             Was a Plaything of Xom.
             Mangled by an ogre (23 damage)
             ... on level 4 of the Dungeon on Jan 3, 2022.
             The game lasted 00:07:17 (3182 turns).

Lekart the Chopper (Draconian Chaos Knight)         Turns: 3182, Time: 00:07:18

Health: -7/53      AC:  6    Str: 14    XL:     6   Next: 3%
Magic:  6/6        EV: 12    Int: 13    God:    Xom [..*...]
Gold:   115        SH:  0    Dex: 12    Spells: 5/5 levels left

rFire   . . .      SeeInvis .   a - +0 hand axe (chaos)
rCold   . . .      Faith    .   (no shield)
rNeg    . . .      Spirit   .   (armour unavailable)
rPois   .          Reflect  .   (helmet restricted)
rElec   .          Harm     .   (no cloak)
rCorr   .          Rampage  .   (no gloves)
Will    .....                   (no boots)
Stlth   ++........              (no amulet)
HPRegen 0.17/turn               (no ring)
MPRegen 0.10/turn               (no ring)

@: no status effects
A: AC +6, unfitting armour, cold-blooded
a: Renounce Religion


You were on level 4 of the Dungeon.
You worshipped Xom.
You were a toy of Xom.
You visited 1 branch of the dungeon, and saw 4 of its levels.

You collected 115 gold pieces.

Inventory:

Hand Weapons
 a - a +0 hand axe of chaos (weapon)
Wands
 j - a wand of iceblast (3)
Scrolls
 c - a scroll of blinking
 h - 4 scrolls of teleportation
 i - a scroll of fog
 k - a scroll of summoning
Potions
 b - 2 potions of curing
 d - a potion of magic
 g - a potion of lignification


   Skills:
 + Level 4.6 Fighting
 + Level 5.1 Axes
 + Level 3.2 Dodging
 + Level 1.3 Stealth
 + Level 0.1 Evocations


You had 5 spell levels left.
You didn't know any spells.
Your spell library was empty.

Dungeon Overview and Level Annotations

Branches:
Dungeon (4/15)
 Temple: D:4-7

Altars:

Annotations:
D:1 exclusion: downstairs


Innate Abilities, Weirdness & Mutations

Your plain brown scales are hard. (AC +6)
You cannot fit into any form of body armour.
You are cold-blooded and may be slowed by cold attacks.


Message History

No target in view!
You feel less stealthy. Xom twists space around you.
Your surroundings suddenly seem different.
Your surroundings suddenly seem different.
Your surroundings suddenly seem different.
A bullfrog skeleton comes into view.
Found 24 sling bullets.
Found a stone staircase leading up.
Unknown command.
Unknown command.
A bullfrog skeleton is nearby!
A bullfrog skeleton is nearby!
The bullfrog skeleton hits you. x2
You barely miss the bullfrog skeleton.
The bullfrog skeleton hits you but does no damage.
You barely miss the bullfrog skeleton.
The bullfrog skeleton hits you but does no damage.
You hit the bullfrog skeleton.
The bullfrog skeleton is lightly damaged.
The bullfrog skeleton hits you. x2
You hit the bullfrog skeleton.
The bullfrog skeleton seems to grow stronger.
You tail-slap the bullfrog skeleton.
The bullfrog skeleton is moderately damaged.
The bullfrog skeleton hits you.
You are too injured to fight recklessly!
You are too injured to fight recklessly!
You are too injured to fight recklessly!
You are too injured to fight recklessly!
Xom titters.
The bullfrog skeleton looks rather confused.
The bullfrog skeleton hits you.
Xom makes a sudden noise!
You hear an echo.
You hear a shout! x4
An ogre comes into view. It is wielding a +0 giant club.
The bullfrog skeleton seems less confused.
The bullfrog skeleton hits you!
The ogre hits you with a +0 giant club!!
You die...
Xom laughs nastily!

#.##..####..#
#........#
#..#..##.# #..#..#
# #..#..##.##.
##............
###.#......##.##..
.......ZO.## #
####(.#@### #..#.#
#. #.# #.. ###


You could see an ogre and a bullfrog skeleton (strong).

Vanquished Creatures
  An iguana (D:4)
  Natasha (thrice) (D:2)
  An orc wizard (D:4)
  6 gnolls
  3 adders (D:2)
  A dart slug (D:2)
  3 orcs (D:4)
  A ball python (D:1)
  4 endoplasms
  A giant cockroach (D:2)
  8 goblins
  4 hobgoblins
  5 jackals (D:2)
  5 kobolds
  3 quokkas (D:3)
  6 bats
  2 frilled lizards
  4 rats (D:2)
61 creatures vanquished.

Notes
Turn   | Place    | Note
-------+----------+-------------------------------------------
     0 | D:1      | Lekart the Draconian Chaos Knight began the quest for the
                  | Orb.
     0 | D:1      | Reached XP level 1. HP: 19/19 MP: 1/1
    35 | D:1      | XOM: silly message
    93 | D:1      | Found a faded altar of an unknown god.
   187 | D:1      | XOM: silly message
   340 | D:1      | XOM: divination: detect creatures
   726 | D:1      | Upgraded the game from 0.28-a0-1365-g7e0445c96d to
                  | 0.28-a0-1382-g92835e5c71
   765 | D:2      | Reached XP level 2. HP: 26/26 MP: 2/2
   923 | D:2      | XOM: 2-stop teleportation journey
   937 | D:2      | Noticed Natasha
   942 | D:2      | Killed Natasha
   943 | D:2      | Reached skill level 4 in Axes
   943 | D:2      | Reached XP level 3. HP: 26/33 MP: 3/3
  1010 | D:2      | XOM: 2-stop teleportation journey
  1218 | D:2      | XOM: enchant monster (bad)
  1223 | D:2      | Xom revived you
  1877 | D:2      | Noticed Natasha
  1883 | D:2      | Killed Natasha
  1884 | D:2      | Reached XP level 4. HP: 27/40 MP: 4/4
  2044 | D:2      | XOM: silly message
  2123 | D:2      | Upgraded the game from 0.28-a0-1382-g92835e5c71 to
                  | 0.28-a0-1389-gc726bef33b
  2152 | D:2      | XOM: silly message
  2250 | D:2      | Noticed Natasha
  2252 | D:2      | Reached XP level 5. HP: 28/47 MP: 5/5
  2255 | D:2      | Killed Natasha
  2794 | D:3      | Reached skill level 1 in Stealth
  3062 | D:4      | XOM: stealth player
  3081 | D:4      | Reached skill level 5 in Axes
  3112 | D:4      | Reached XP level 6. HP: 29/53 MP: 6/6
  3165 | D:4      | XOM: 3-stop teleportation journey
  3175 | D:4      | XOM: confuse monster(s)
  3177 | D:4      | XOM: noise
  3182 | D:4      | Mangled by an ogre

Illustrated notes

Levels and vault maps discovered:
D:1:      erik_arrival_orb_chamber, layout_basic, basic_ecumenical_altar,
          minivault_19
D:2:      layout_loops_ring, grunt_ministairs_10, uniq_natasha
D:3:      layout_loops_ring
D:4:      layout_loops_ring

Skill      XL: |  1  2  3  4  5 |
---------------+----------------+-----
Axes           | 4 5 |  5.1
Fighting       | 4 |  4.6
Dodging        | 3 |  3.2
Stealth        | 1 |  1.3
Evocations     | |  0.1

Action                   |  1- 3 |  4- 6 || total
-------------------------+-------+-------++-------
Melee: Hand axe          |    76 |   103 ||   179
       Tailslap          |     4 |    14 ||    18
Evoke: Wand              |       |     3 ||     3
  Use: Scroll            |     4 |     7 ||    11
       Potion            |     1 |     1 ||     2
 Stab: Sleeping          |     1 |     2 ||     3
       Petrifying        |       |     1 ||     1
       Confused          |       |     1 ||     1
Armor: Skin              |    19 |    38 ||    57
Dodge: Dodged            |    66 |    74 ||   140

Table legend: (Time is in decaauts)
 A = Elapsed time spent in this place.
 B = Non-inter-level travel time spent in this place.
 C = Inter-level travel time spent in this place.
 D = Time resting spent in this place.
 E = Time spent auto-exploring this place.
 F = Levels seen in this place.
 G = Mean time per level.
                   A        B        C        D        E       F      G
               +--------+--------+--------+--------+--------+-----+--------+
         Total |   3201 |   3136 |     65 |    378 |   2279 |   4 |  800.2 |
       Dungeon |   3201 |   3136 |     65 |    378 |   2279 |   4 |  800.2 |
               +--------+--------+--------+--------+--------+-----+--------+

Top non-repeatable levels by time:
     D:2: 1401 daAuts
     D:1: 1020 daAuts
     D:3: 657 daAuts
     D:4: 121 daAuts
